AoeStats
← Ux'RaúlME

Arabia

510644398Analyzed
1v1 RM · 13h ago on Oct 1, 2026· 47m 47s· 2 players
Game mode
Random Map
Map size
Tiny (2 player)
Population
200
Speed
Normal
Resources
Standard
Victory
Conquest
Starting age
Dark Age
Ending age
Imperial Age
RankedLock teamsTeams togetherTeam positionsShared explorationLock speedFull tech treeHidden civsTurbo modeCheats
Victory
Defeat
🇲🇽 Franks · Mexico
1340
+14
🇦🇷 Magyars · Argentina
1287
-14
水泊梁山
7:00 Loom
9:14 Feudal Age
15:15 Horse Collar
21:04 Castle Age
19:43 Bloodlines
19:59 Fletching
20:19 Gold Mining
21:14 Scale Barding Armor
21:10 Padded Archer Armor
21:35 Pikeman
22:34 Husbandry
27:43 Bodkin Arrow
28:08 Town Watch
29:20 Double-Bit Axe
32:11 Wheelbarrow
32:05 Chain Barding Armor
32:10 Heavy Plow
34:56 Bow Saw
36:50 Hand Cart
37:22 Corvinian Army
37:14 Light Cavalry
38:02 Thumb Ring
40:58 Imperial Age
40:16 Sanctity
41:20 Heavy Cavalry Archer
42:27 Parthian Tactics
41:24 Cavalier
43:58 Conscription
44:17 Crop Rotation
45:22 Plate Barding Armor
44:48 Scale Mail Armor
45:04 Leather Archer Armor
46:50 Paladin
Ux'RaúlME
6:51 Loom
9:12 Feudal Age
9:46 Town Watch
10:07 Double-Bit Axe
14:58 Scale Barding Armor
18:47 Forging
21:38 Castle Age
19:59 Gold Mining
21:04 Forging
22:46 Chain Barding Armor
22:59 Husbandry
30:34 Wheelbarrow
37:41 Imperial Age
35:54 Iron Casting
36:45 Hand Cart
36:24 Fletching
37:14 Scale Mail Armor
37:46 Bodkin Arrow
37:56 Cavalier
38:11 Cavalier
40:54 Plate Barding Armor
41:19 Blast Furnace
42:50 Conscription
43:41 Murder Holes
43:54 Siege Engineers
45:07 Bow Saw
44:38 Paladin
46:11 Gold Shaft Mining
45:26 Stone Mining
46:12 Gold Shaft Mining
45:27 Stone Mining
45:37 Heavy Scorpion
46:06 Light Cavalry
Connection lost

Rejoining the realm…

Still unreachable

The connection could not be restored.

Session expired

The server has moved on; the page needs a fresh start.